 Dungeon Crawl Stone Soup version 0.25-a0-290-g4a1327ee3a (webtiles) character file.

Game seed: 4142404326506265985, levelgen mode: classic

201 Borgoz the Chopper (level 5, -1/47 HPs)
             Began as a Hill Orc Berserker on Dec 14, 2019.
             Was a Priest of Trog.
             Killed by divine providence
             ... invoked by an orc priest
              (17 damage)
             ... on level 4 of the Dungeon.
             The game lasted 00:05:32 (3935 turns).

Borgoz the Chopper (Hill Orc Berserker)             Turns: 3935, Time: 00:05:32

Health: -1/47      AC:  7    Str: 18 (20) XL:     5   Next: 79%
Magic:  5/5        EV: 12    Int:  5 (7)  God:    Trog [***...]
Gold:   246        SH:  0    Dex: 11 (13) Spells: 4/4 levels left

rFire    . . .     SeeInvis .   a - +0 hand axe
rCold    . . .     Gourm    .   (no shield)
rNeg     . . .     Faith    .   l - +0 ring mail (curse)
rPois    .         Spirit   .   q - +0 helmet
rElec    .         Reflect  .   (no cloak)
rCorr    .         Harm     .   (no gloves)
MR       .....                  (no boots)
Stlth    ..........             (no amulet)
HPRegen  0.15/turn              f - +2 ring of dexterity
MPRegen  0.09/turn              (no ring)

@: confused, lethally poisoned (-1 -> -19), flying
A: no striking features
a: Berserk, Trog's Hand, Renounce Religion, Convert to Beogh


You were on level 4 of the Dungeon.
You worshipped Trog.
Trog was most pleased with you.
You were not hungry.

You visited 1 branch of the dungeon, and saw 4 of its levels.

You collected 246 gold pieces.

Inventory:

Hand Weapons
 a - a +0 hand axe (weapon)
Armour
 l - a cursed +0 ring mail (worn)
 q - a +0 helmet (worn)
Jewellery
 f - a +2 ring of dexterity (left hand)
Wands
 u - a wand of enslavement (5)
Scrolls
 b - a scroll of blinking {unknown}
 d - 2 scrolls of immolation {unknown}
 g - 2 scrolls of teleportation {unknown}
 h - 2 scrolls of enchant armour {unknown}
 m - 2 scrolls of enchant weapon {unknown}
 p - 3 scrolls of magic mapping {unknown}
 r - 2 scrolls of remove curse {unknown}
Potions
 e - 2 potions of invisibility
 j - a potion of mutation
 k - a potion of ambrosia
 o - a potion of curing
Comestibles
 c - 14 rations
 t - 2 chunks of flesh


   Skills:
 + Level 4.4 Fighting
 + Level 4.9 Axes
 * Level 4.1 Armour
 * Level 3.0 Dodging


You had 4 spell levels left.
You didn't know any spells.
Your spell library was empty.

Dungeon Overview and Level Annotations

Branches:
Dungeon (4/15)
 Temple: D:4-7

Altars:

Shops:
D:4 **(

Annotations:
D:4 Ijyb


Message History

The orc barely misses you.
The orc priest hits you but does no damage.
The adder bites you but does no damage.
* * * LOW HITPOINT WARNING * * *
You feel sick.
You see here 10 gold pieces.
You bump into the stone wall.
* * * LOW HITPOINT WARNING * * *
You feel sick. The orc barely misses you.
Unknown command.
* * * LOW HITPOINT WARNING * * *
You feel sick.
You bump into the stone wall.
You feel sick.
The orc hits you with a +1 dagger of venom.
* * * LOW HITPOINT WARNING * * *
You are lethally poisoned!
You bump into the stone wall.
You feel sick. The orc closely misses you.
The orc priest calls down the wrath of Beogh upon you.
Beogh smites you!
You die...

#.#.... .#...# ..... #..g#
###...####### #.!..S.......
#o# # #o# #.###@# #.....#
####.## ### #..# ##≈≈ #..#
#####≈≈≈ ########..#
######....≈≈∩
..........#####......∩..≈≈≈
#.######........###)...##≈≈
#..####### #.######.


You could see Ijyb, an orc priest, an adder and an orc.

Vanquished Creatures
  6 adders
  4 oozes
  6 worms
  6 dart slugs
  4 leopard geckos
  5 orcs
  7 giant cockroaches
  9 hobgoblins
  5 jackals
  8 kobolds
  2 quokkas (D:4)
  3 ball pythons
  9 bats
  8 frilled lizards
  8 goblins
  7 rats
97 creatures vanquished.

Notes
Turn   | Place    | Note
-------+----------+-------------------------------------------
     0 | D:1      | Borgoz the Hill Orc Berserker began the quest for the Orb.
     0 | D:1      | Reached XP level 1. HP: 19/19 MP: 1/1
   222 | D:1      | Reached XP level 2. HP: 23/27 MP: 2/2
   532 | D:1      | Reached XP level 3. HP: 26/33 MP: 3/3
   905 | D:1      | Reached ** piety under Trog
  1309 | D:2      | Reached XP level 4. HP: 18/40 MP: 4/4
  2672 | D:3      | Reached XP level 5. HP: 25/46 MP: 5/5
  3163 | D:3      | Reached *** piety under Trog
  3634 | D:4      | Found Digh's Weapon Boutique.
  3747 | D:4      | Found Eskist's Assorted Antiques.
  3752 | D:4      | Found Giunofoe's General Store.
  3929 | D:4      | HP: 2/47 [orc/+1 dagger of venom (3)]
  3930 | D:4      | Noticed Ijyb
  3935 | D:4      | Killed from afar by an orc priest

Levels and vault maps discovered:
D:1:      onia_arrival_handbag, layout_basic, feat_on_display
D:2:      layout_loops_ring
D:3:      layout_rooms, kennysheep_generic_room_15
D:4:      layout_loops_ring, cheibrodos_sewer_entry_sluice, serial_shops,
          nicolae_shop_waterfront, shop_coins, shop_statue, first_ration,
          uniq_ijyb

Skill      XL: |  1  2  3  4  5 |
---------------+----------------+-----
Dodging        | 2 3 |  3.0
Armour         | 3 4 |  4.1
Fighting       | 4 |  4.4
Axes           | |  4.9

Action                   |  1- 3 |  4- 6 || total
-------------------------+-------+-------++-------
Melee: Hand axe          |   107 |   202 ||   309
  Use: Scroll            |       |     4 ||     4
       Potion            |       |     3 ||     3
 Stab: Sleeping          |     4 |       ||     4
  Eat: Chunk             |     1 |     9 ||    10
Armor: Animal skin       |    20 |     1 ||    21
       Ring mail         |       |    74 ||    74
Dodge: Dodged            |    92 |   149 ||   241

Table legend:
 A = Non-vault XP
 B = Vault XP
 C = Vault XP percentage of total XP
 D = Non-vault monster count
 E = Vault monster count
 F = Vault count percentage of total count
                 A         B        C        D         E       F
            +---------+---------+-------+---------+---------+-------
      Total |     271 |      17 |   5.9 |      92 |       5 |   5.2
            +---------+---------+-------+---------+---------+-------
        D:1 |      59 |      16 |  21.3 |      30 |       4 |  11.8
        D:2 |      86 |       0 |   0.0 |      24 |       0 |   0.0
        D:3 |      94 |       1 |   1.1 |      27 |       1 |   3.6
        D:4 |      32 |       0 |   0.0 |      11 |       0 |   0.0
            +---------+---------+-------+---------+---------+-------
